 Dungeon Crawl Stone Soup version 0.31-a0-931-g7b59d4eb97 (webtiles) character file.

Game seed: 10058465369304090926

226 Xavori the Cutter (level 6, -1/48 HPs)
             Began as a Vine Stalker Chaos Knight on Oct 19, 2023.
             Was a Plaything of Xom.
             Slain by Grinder (3 damage)
             ... on level 3 of the Dungeon.
             The game lasted 00:02:32 (4631 turns).

Xavori the Cutter (Vine Stalker Chaos Knight)       Turns: 4631, Time: 00:02:33

Health: -1/48      AC: 23    Str: 10 (12) XL:     6   Next: 1%
Magic:  0/10       EV:  2    Int:  9 (11) God:    Xom [..*...]
Gold:   205        SH:  0    Dex: 17 (19) Spells: 9/9 levels left

rFire   + . .        f - +2 dagger (drain)
rCold   + . .        (no shield)
rNeg    . . .        b - melded +2 leather armour
rPois   +            (helmet currently unavailable)
rElec   +            (cloak currently unavailable)
rCorr   +            (gloves currently unavailable)
SInv    +            (boots currently unavailable)
Will    .....        (no amulet)
Stlth   ++           g - ring of see invisible
HPRegen 1.08/turn    (no ring)
MPRegen 0.12/turn

%: clarity, guardian spirit
@: tree-form (expiring), resistant, vertiginous
A: stationary, stasis, torment immunity, boosted hp, (fangs 2), regeneration 1,
magic shield, (antimagic bite), no potion heal 2, (talons 1), agile 1, clarity,
(cold resistance 1), weak 1
a: Renounce Religion


You were on level 3 of the Dungeon.
You worshipped Xom.
You were a toy of Xom.
You were a tree.
You visited 1 branch of the dungeon, and saw 3 of its levels.

You collected 205 gold pieces.

Inventory:

Hand Weapons
 f - a +2 dagger of draining (weapon)
Armour
 b - a +2 leather armour (melded)
Jewellery
 g - a ring of see invisible (left branch)
Talismans
 i - a blade talisman
Scrolls
 a - 3 scrolls of blinking {unknown}
 c - a scroll of butterflies
 d - 4 scrolls of identify
 l - a scroll of torment


   Skills:
 + Level 3.3 Fighting
 + Level 3.4 Short Blades
 + Level 2.3 Armour
 + Level 1.8 Dodging
 + Level 2.6 Stealth
 + Level 2.0 Spellcasting
 + Level 1.0 Shapeshifting


You had 9 spell levels left.
You didn't know any spells.
Your spell library contained the following spells:

 Spells                   Type           Power      Damage    Failure   Level
 Summon Guardian Golem    Hex/Summ       0%         N/A       82%         3
 Summon Forest            Summ/Tloc      0%         N/A       100%        5
 Eringya's Noxious Bog    Tmut/Pois      0%         4d6       100%        6
 Orb of Destruction       Conj           0%         9d5       100%        7
 Spellforged Servitor     Conj/Summ      0%         N/A       100%        7
 Summon Hydra             Summ           0%         N/A       100%        7


Dungeon Overview and Level Annotations

Branches:
Dungeon (3/15)

Altars:
Gozag
Xom

Annotations:
D:3 Grinder


Innate Abilities, Weirdness & Mutations

You are a tree.
Your roots penetrate the ground, keeping you stationary.
You cannot be teleported.
You are immune to unholy pain and torment.
Your maximum health is greatly increased.
Your equipment is partially melded.
((You have extremely sharp teeth.))
Your natural rate of healing is unusually fast.
When hurt, damage is shared between your health and your magic reserves.
((Your bite disrupts and absorbs the magic of your enemies.))
Potions cannot restore your health.
((You have sharp toenails.))
You are agile. (Dex +4, Str/Int -1)
You possess an exceptional clarity of mind.
((Your flesh is cold resistant. (rC+)))
You are weak. (Str -2)


Message History

Grinder hits you but does no damage. The hobgoblin barely misses you.
The endoplasm hits you but does no damage.
Xom's power flows through you!
You attempt to intoxicate your foes!
The hobgoblin looks rather confused.
The gnoll looks rather confused.
The kobold looks rather confused.
The world spins around you!
Grinder blinks!
The hobgoblin hits you.
* * * LOW HITPOINT WARNING * * *
The gnoll hits the hobgoblin with a +0 whip.
The endoplasm freezes you.
You are frozen.
You resist.
The kobold grins madly.
Grinder hits you but does no damage.
The hobgoblin hits you but does no damage.
The endoplasm hits you but does no damage.
You can move again.
Unknown command.
Unknown command.
As you read the scroll labelled WEMMIAVYFFEL, it crumbles to dust.
You feel a strange sense of stasis.
It was a scroll of teleportation.
Grinder gestures at you.
You shrug off the repeated paralysis!
The hobgoblin hits you but does no damage.
The endoplasm freezes you.
You are frozen.
You resist.
You hit Grinder.
Grinder is severely wounded.
Grinder hits you but does no damage.
The gnoll barely misses the hobgoblin.
The endoplasm freezes you.
You are frozen.
You resist.
* * * LOW HITPOINT WARNING * * *
The kobold barely misses itself.
You hit Grinder but do no damage.
Grinder is severely wounded.
Grinder hits you.
* * * LOW HITPOINT WARNING * * *
You writhe in agony.
You die...
Grinder says, "Now the real fun starts!"
Xom snickers!

........# ,#.# #.#
#####.### #.# #.#
......######* ,#.# #.#
..##.........,,#<# #.##
..##.###########'#####..#
..##.# #.........##.#
.###.# #.8..8..8.##.#
..##.# #...5.....##.#
..##.# ##+##♣##+###.#
..##.#


#KJ#gg# #.# ..##.# *#...*#J#**#.# ..# , #...#* #r. #.# ..# #..#*,,*.###.# ..# *
#+# **+*# #.# ##...# ,,, ,,** #.# .# ### ,, #.# ## , ,, *,*#.# You could see
Grinder, a gnoll (confused), 2 endoplasms, a quokka, a hobgoblin (confused) and
a kobold (confused).

Vanquished Creatures
  Natasha (twice) (D:3)
  2 orc wizards (D:3)
  3 adders
  2 worms (D:2)
  6 dart slugs
  12 orcs (D:3)
  9 ball pythons
  A bat (D:1)
  3 endoplasms
  A giant cockroach (D:2)
  7 goblins
  6 hobgoblins
  7 kobolds
  3 quokkas
  3 frilled lizards
  8 rats
75 creatures vanquished.

Notes
Turn   | Place    | Note
-------+----------+-------------------------------------------
     0 | D:1      | Xavori the Vine Stalker Chaos Knight began the quest for
                  | the Orb.
     0 | D:1      | Reached XP level 1. HP: 11/11 MP: 2/2
    33 | D:1      | Reached skill level 1 in Dodging
    33 | D:1      | Reached XP level 2. HP: 16/16 MP: 3/3
    50 | D:1      | XOM: silly message
   131 | D:1      | Reached skill level 1 in Stealth
   162 | D:1      | XOM: silly message
   310 | D:1      | Reached XP level 3. HP: 19/19 MP: 5/5
   797 | D:1      | XOM: divination: magic mapping
  1495 | D:1      | XOM: stat loss: -1 Dex (14/15)
  2477 | D:1      | XOM: silly message
  3060 | D:1      | XOM: give mutations
  3060 | D:1      | Gained mutation: You are agile. (Dex +4, Str/Int -1) [Xom's
                  | mischief]
  3060 | D:1      | Gained mutation: You are weak. (Str -2) [Xom's mischief]
  3060 | D:1      | Gained mutation: You possess an exceptional clarity of
                  | mind. [Xom's mischief]
  3147 | D:1      | XOM: give mutations
  3147 | D:1      | Gained mutation: Your flesh is cold resistant. (rC+) [Xom's
                  | mischief]
  3147 | D:1      | Gained mutation: You have sharp toenails. [Xom's mischief]
  3256 | D:2      | Reached skill level 1 in Spellcasting
  3287 | D:2      | XOM is BORED!
  3287 | D:2      | XOM: 2-stop teleportation journey
  3327 | D:2      | Reached XP level 4. HP: 24/24 MP: 6/6
  3851 | D:3      | XOM is BORED!
  3851 | D:3      | XOM: noise
  3959 | D:3      | Found a shimmering altar of Xom.
  4005 | D:3      | Found a shimmering altar of Xom.
  4005 | D:3      | Found a shimmering altar of Xom.
  4006 | D:3      | Found a shimmering altar of Xom.
  4006 | D:3      | Found a shimmering altar of Xom.
  4007 | D:3      | Found a shimmering altar of Xom.
  4008 | D:3      | Found a shimmering altar of Xom.
  4008 | D:3      | Found a shimmering altar of Xom.
  4077 | D:3      | Noticed Natasha
  4081 | D:3      | Killed Natasha
  4082 | D:3      | Reached XP level 5. HP: 28/28 MP: 6/8
  4103 | D:3      | XOM: silly message
  4186 | D:3      | XOM: noise
  4361 | D:3      | XOM: noise
  4428 | D:3      | Noticed Natasha
  4439 | D:3      | Killed Natasha
  4464 | D:3      | Found an opulent altar of Gozag.
  4534 | D:3      | Reached skill level 1 in Shapeshifting
  4534 | D:3      | Reached XP level 6. HP: 32/32 MP: 10/10
  4589 | D:3      | Noticed Grinder
  4592 | D:3      | XOM: divination: magic mapping
  4596 | D:3      | XOM: cast spell 'Leda's Liquefaction'
  4601 | D:3      | Paralysed by Grinder for 5 turns
  4613 | D:3      | XOM: potion effect (magic)
  4624 | D:3      | Paralysed by Grinder for 5 turns
  4627 | D:3      | XOM: cast spell 'Alistair's Intoxication'
  4631 | D:3      | HP: 2/48 [Grinder (4)]
  4631 | D:3      | Slain by Grinder

Illustrated notes

Levels and vault maps discovered:
D:1:      lemuel_arrival_cross, layout_rooms
D:2:      layout_basic, kennysheep_decorative_pillar
D:3:      minmay_chambers_of_threes, layout_basic,
          nicolae_gozag_cash_rules_everything_around_me, xom_redecorated,
          uniq_natasha, uniq_jessica, uniq_grinder

Skill      XL: |  1  2  3  4  5 |
---------------+----------------+-----
Dodging        | 1 |  1.8
Stealth        | 1 2 |  2.6
Armour         | 2 |  2.3
Spellcasting   | 1 2 |  2.0
Fighting       | 3 |  3.3
Short Blades   | 3 |  3.4
Shapeshifting  | 1 |  1.0

Action                     |  1- 3 |  4- 6 || total
---------------------------+-------+-------++-------
  Melee: Short sword       |    52 |       ||    52
         Bite              |    27 |    26 ||    53
         Punch             |     1 |     1 ||     2
         Dagger            |    37 |   118 ||   155
         Kick              |     6 |    24 ||    30
    Use: Potion            |       |     3 ||     3
         Scroll            |       |     2 ||     2
   Stab: Sleeping          |     1 |     3 ||     4
 Armour: Leather armour    |    45 |    43 ||    88
         Skin              |       |    54 ||    54
  Dodge: Dodged            |    45 |    49 ||    94

Table legend: (Time is in decaauts)
 A = Elapsed time spent in this place.
 B = Non-inter-level travel time spent in this place.
 C = Inter-level travel time spent in this place.
 D = Time resting spent in this place.
 E = Time spent auto-exploring this place.
 F = Levels seen in this place.
 G = Mean time per level.
                   A        B        C        D        E       F      G
               +--------+--------+--------+--------+--------+-----+--------+
         Total |   4601 |   4501 |    100 |   2697 |   1398 |   3 | 1533.7 |
       Dungeon |   4601 |   4501 |    100 |   2697 |   1398 |   3 | 1533.7 |
               +--------+--------+--------+--------+--------+-----+--------+

Top non-repeatable levels by time:
     D:1: 3238 daAuts
     D:3: 780 daAuts
     D:2: 582 daAuts
